 Dungeon Crawl Stone Soup version 0.30.1-11-g7821555f0a (webtiles) character file.

Game seed: 6570525253903542647

4137 Dillybarz the Cleaver (level 10, -3/90 HPs)
             Began as a Minotaur Fighter on Nov 13, 2023.
             Slain by a two-headed ogre
             ... wielding a +0 giant club
              (20 damage)
             ... on level 8 of the Dungeon.
             The game lasted 00:30:35 (7212 turns).

Dillybarz the Cleaver (Minotaur Fighter)            Turns: 7212, Time: 00:30:36

Health: -3/90      AC: 19    Str: 31    XL:     10   Next: 7%
Magic:  9/9        EV:  8    Int:  5    God:
Gold:   666        SH:  6    Dex: 10    Spells: 9/9 levels left

rFire   . . .        a - +1 war axe
rCold   . . .        c - +1 buckler
rNeg    . . .        b - +0 plate armour
rPois   .            m - +1 hat
rElec   .            l - +2 cloak
rCorr   .            (no gloves)
SInv    +            C - +0 pair of boots
Will    .....        (no amulet) Stlth
                     h - +6 ring of strength
HPRegen 0.35/turn    u - ring of see invisible
MPRegen 0.11/turn

%: no passive effects
@: no status effects
A: horns 2, retaliatory headbutt
a: no special abilities


You were on level 8 of the Dungeon.
You visited 2 branches of the dungeon, and saw 9 of its levels.
You also visited: Ossuary.

You collected 666 gold pieces.

Inventory:

Hand Weapons
 a - a +1 war axe (weapon)
Missiles
 g - 75 stones
 q - 11 poisoned darts (quivered)
 t - 26 boomerangs
 G - a curare-tipped dart
Armour
 b - a +0 plate armour (worn)
 c - a +1 buckler (worn)
 l - a +2 cloak (worn)
 m - a +1 hat (worn)
 C - a +0 pair of boots (worn)
Jewellery
 h - a +6 ring of strength (left hand)
 u - a ring of see invisible (right hand)
 w - an amulet of faith
 A - a ring of ice
Wands
 x - a wand of charming (13)
Scrolls
 e - 2 scrolls of blinking
 f - 3 scrolls of teleportation
 v - 3 scrolls of fog
Potions
 d - 4 potions of might
 i - 3 potions of magic
 j - a potion of haste
 k - 3 potions of resistance
 n - 2 potions of ambrosia
 o - 3 potions of heal wounds
 p - 11 potions of curing
 r - 2 potions of mutation
 s - 4 potions of lignification
 z - a potion of attraction
 B - a potion of invisibility {unknown}
 D - a potion of flight {unknown}


   Skills:
 + Level 8.6 Fighting
 * Level 11.3 Axes
 + Level 8.6 Armour
 + Level 8.6 Shields


You had 9 spell levels left.
You didn't know any spells.
Your spell library contained the following spells:

 Spells                   Type           Power      Damage    Failure   Level
 Apportation              Tloc           0%         N/A       99%         1
 Necrotise                Necr           0%         1d4       99%         1
 Summon Small Mammal      Summ           0%         N/A       99%         1
 Ensorcelled Hibernation  Hex/Ice        0%         N/A       100%        2
 Passwall                 Tmut/Erth      0%         N/A       100%        2
 Dazzling Flash           Conj/Hex       0%         N/A       100%        3
 Swiftness                Air            0%         N/A       100%        3
 Volatile Blastmotes      Fire/Tloc      0%         2d10      100%        3
 Iskenderun's Mystic Bla  Conj/Tloc      0%         2d3       100%        4
 Starburst                Conj/Fire      0%         6d3       100%        6


Dungeon Overview and Level Annotations

Branches:
Dungeon (8/15)             Temple (1/1) D:5         Ossuary (visited)
   Lair: D:8-11

Altars:
Ashenzari
Cheibriados
Elyvilon
Gozag
Hepliaklqana
Kikubaaqudgha
Qazlal
Ru
Sif Muna
Trog
Uskayaw
Vehumet
Wu Jian
Xom
Yredelemnul
Zin
The Shining One

Shops:
D:4 (=   D:7 *


Innate Abilities, Weirdness & Mutations

You have a pair of horns on your head.
You reflexively headbutt those who attack you in melee.


Message History

Unknown command.
Really walk into that dispersal trap?
You enter a dispersal trap!
The two-headed ogre blinks! x2; You blink.
You start resting.
A two-headed ogre is nearby!
You start resting.
A two-headed ogre is nearby!
A two-headed ogre is nearby!
A centaur comes into view.
There are monsters nearby!
The centaur shouts!
The centaur wields a +0 shortbow.
The centaur shoots an arrow.
The arrow hits you.
The centaur unwields a +0 shortbow.
The centaur closely misses you. The centaur barely misses you.
The centaur hits you but does no damage.
The centaur closely misses you.
You slice the centaur!!
You kill the centaur!
You hear a splash. x2
You enter the shallow water.
Moving in this stuff is going to be slow.
Things that are here:
a +0 shortbow; 18 gold pieces
Items here: )) [ †.
A gnoll sergeant comes into view.
It is wielding a +0 mace and wearing a +2 scale mail of cold resistance.
The gnoll sergeant shouts!
The two-headed ogre hits you with a +0 giant club.
You block the two-headed ogre's attack. The two-headed ogre barely misses you.
The two-headed ogre hits you with a +0 giant club!
* * * LOW HITPOINT WARNING * * *
Items here: )) [ †.
You enter the shallow water.
Moving in this stuff is going to be slow.
Things that are here:
a +0 shortbow; 18 gold pieces The two-headed ogre attacks as you move away!
The two-headed ogre hits you with a +0 giant club!!
You die...

##########
##.~....~.##
##...~..~...##
#.≈..≈..)..~.#
#..)).≈~..O@.##
...######)#...#
##.8..8.##..##
#^.......##..#
..######.g##.##
##..#.†#
##.##.# ..#.#
..#.#


You could see a two-headed ogre.

Vanquished Creatures
  A centaur warrior (D:8)
  3 wyverns
  A steam dragon (D:8)
  Edmund (D:4)
  An ice beast (D:6)
  2 orc warriors
  3 black bears
  2 sky beasts
  2 ogres
  2 centaurs
  3 phantoms (D:6)
  A kobold brigand (D:7)
  3 bullfrogs
  A gnoll sergeant (D:7)
  A scorpion (D:5)
  A jelly (D:6)
  A killer bee (D:8)
  5 hounds
  2 orc priests (D:6)
  7 iguanas
  6 orc wizards
  2 sleepcaps
  8 mummies (Ossuary)
  10 gnolls
  11 adders
  3 shadow imps
  A white imp (D:6)
  2 ufetubi (D:5)
  2 adder skeletons (D:2)
  3 worms
  2 dart slugs
  19 orcs
  3 bats
  8 endoplasms
  7 giant cockroaches
  A gnoll zombie (Ossuary)
  10 goblins
  6 hobgoblins
  4 jackals (D:1)
  13 kobolds
  2 quokkas
  7 ball pythons
  A ball python zombie (D:2)
  2 frilled lizards
  2 goblin zombies (D:4)
  4 hobgoblin zombies (Ossuary)
  A kobold zombie (Ossuary)
  2 orc zombies (Ossuary)
  11 rats
196 creatures vanquished.

Vanquished Creatures (others)
  A kobold brigand (D:8)
  2 orcs (D:8)
3 creatures vanquished.

Grand Total: 199 creatures vanquished

Notes
Turn   | Place    | Note
-------+----------+-------------------------------------------
     0 | D:1      | Dillybarz the Minotaur Fighter began the quest for the Orb.
     0 | D:1      | Reached XP level 1. HP: 19/19 MP: 0/0
   175 | D:1      | Reached XP level 2. HP: 27/27 MP: 1/1
   308 | D:1      | Reached skill level 3 in Axes
   372 | D:1      | Reached XP level 3. HP: 33/33 MP: 2/2
   983 | D:2      | Reached XP level 4. HP: 37/40 MP: 3/3
  1033 | D:2      | Reached skill level 4 in Axes
  1994 | D:3      | Found Hereilet's Distillery.
  2040 | D:3      | Reached XP level 5. HP: 47/47 MP: 4/4
  2332 | D:4      | Noticed an ogre
  2339 | D:4      | Killed an ogre
  2340 | D:4      | Reached skill level 5 in Axes
  2354 | D:4      | Noticed Edmund
  2364 | D:4      | Killed Edmund
  2365 | D:4      | Reached skill level 5 in Fighting
  2365 | D:4      | Reached skill level 5 in Armour
  2365 | D:4      | Reached skill level 5 in Shields
  2365 | D:4      | Reached XP level 6. HP: 47/56 MP: 5/5
  2697 | D:4      | Reached skill level 6 in Axes
  2873 | D:4      | Found a snail-covered altar of Cheibriados.
  2959 | D:4      | Found a sand-covered staircase.
  2966 | Ossuary  | Entered an ossuary
  2979 | Ossuary  | Reached XP level 7. HP: 61/61 MP: 6/6
  3253 | D:4      | Found Heoph's Jewellery Shop.
  3261 | D:4      | Found Joxtum's Antique Weapon Shoppe.
  3650 | D:5      | Entered Level 5 of the Dungeon
  3655 | D:5      | Found a shimmering altar of Xom.
  3696 | D:5      | Reached skill level 7 in Axes
  3778 | D:5      | Found a white marble altar of Elyvilon.
  3817 | D:5      | Found a hazy altar of Hepliaklqana.
  3940 | D:5      | Found an opulent altar of Gozag.
  3968 | D:5      | Reached XP level 8. HP: 70/70 MP: 7/7
  4433 | D:5      | Found an ancient bone altar of Kikubaaqudgha.
  4471 | D:5      | Found a staircase to the Ecumenical Temple.
  4503 | D:6      | Found a stormy altar of Qazlal.
  4509 | D:6      | Found a sacrificial altar of Ru.
  4514 | D:6      | Found a glowing golden altar of the Shining One.
  4528 | D:6      | Reached skill level 8 in Axes
  5033 | D:6      | Reached skill level 9 in Axes
  5295 | D:6      | Reached XP level 9. HP: 68/79 MP: 8/8
  5584 | D:7      | Found Ea-nāṣir's Fine Metal Goods.
  5908 | D:7      | Found an ornate altar of the Wu Jian Council.
  6138 | D:7      | Reached skill level 10 in Axes
  6916 | Temple   | Entered the Ecumenical Temple
  7143 | D:8      | Noticed a centaur warrior
  7152 | D:8      | Killed a centaur warrior
  7153 | D:8      | Reached skill level 11 in Axes
  7155 | D:8      | Reached XP level 10. HP: 19/90 MP: 9/9
  7170 | D:8      | Noticed a two-headed ogre
  7212 | D:8      | Slain by a two-headed ogre

Illustrated notes

Levels and vault maps discovered:
D:1:      lemuel_arrival_behind_the_door_large, layout_loops_ring
D:2:      layout_rooms, serial_undead, serial_undead_e, serial_undead_f,
          serial_undead_b, serial_undead_c, dreamdust_wishing_well,
          chequers_serial_rivers_micro_e, supply_closet_lemuel, minmay_bisected
D:3:      minmay_skewed_foursquare, layout_basic, serial_shops, shop_fountains
D:4:      layout_loops_corners, general_overflow_altar, portal_sewer_entry_e,
          enter_ossuary_4, corexii_item_surrounded_by_moat,
          nicolae_wooded_promenade, minivault_1, uniq_edmund
D:5:      layout_basic, nicolae_gozag_cash_rules_everything_around_me,
          mainiacjoe_overflow_small_starburst, elyvilon_altar_1,
          lemuel_tele_altar, nicolae_hepliaklqana_hazy_memory,
          minmay_temple_entry_from_below_b, nrook_pool_corridor
D:6:      layout_loops_corners, minmay_overflow_temple_star_quad
D:7:      layout_cave_pods, nicolae_overflow_hidden_temple,
          nicolae_ea-nasir_strikes_again, chequers_serial_rivers_micro_a
D:8:      layout_loops_corners, grunt_lair_entry_orc_guard_hut, nzn_random_ring,
          uniq_prince_ribbit1, uniq_erica
Temple:   nicolae_temple_little_seven

Skill      XL: |  1  2  3  4  5  6  7  8  9 |
---------------+----------------------------+-----
Axes           | 3 4 5 6 7 9 11 | 11.3
Shields        | 4 5 6 7 8 |  8.6
Armour         | 4 5 6 7 8 |  8.6
Fighting       | 4 5 6 7 8 |  8.6

Action                     |  1- 3 |  4- 6 |  7- 9 | 10-12 || total
---------------------------+-------+-------+-------+-------++-------
  Melee: War axe           |    79 |   114 |   285 |     8 ||   486
         Headbutt          |    10 |    17 |    57 |     1 ||    85
  Throw: Dart              |       |     7 |       |       ||     7
    Use: Scroll            |     1 |     5 |    14 |       ||    20
 Armour: Scale mail        |    48 |     7 |       |       ||    55
         Chain mail        |       |    16 |       |       ||    16
         Plate armour      |       |    17 |   152 |     4 ||   173
  Dodge: Dodged            |    24 |    54 |    76 |     4 ||   158
  Block: Buckler           |    12 |    38 |    79 |     3 ||   132
